 Dungeon Crawl Stone Soup version 0.28.0-47-ge53b351184 (webtiles) character file.

Game seed: 2755356555004988819

283 Eitelfritz the Slasher (level 6, -19/47 HPs)
             Began as a Demonspawn Gladiator on Apr 29, 2022.
             Demolished by an ogre
             ... wielding a +0 giant club
              (23 damage)
             ... on level 3 of the Dungeon.
             The game lasted 00:05:16 (2094 turns).

Eitelfritz the Slasher (Demonspawn Gladiator)       Turns: 2094, Time: 00:05:17

Health: -19/47     AC:  5    Str: 14 (17) XL:     6   Next: 7%
Magic:  6/6        EV: 12    Int:  8 (9)  God:
Gold:   89         SH:  0    Dex: 11 (14) Spells: 5/5 levels left

rFire   + . .      SeeInvis .   a - +0 long sword
rCold   . . .      Faith    .   (no shield)
rNeg    . . .      Spirit   .   b - +0 leather armour
rPois   .          Reflect  .   c - +0 helmet
rElec   .          Harm     .   n - +0 cloak
rCorr   .          Rampage  .   (no gloves)
Will    .....                   (no boots)
Stlth   +.........              (no amulet)
HPRegen 0.15/turn               e - ring of protection from fire
MPRegen 0.10/turn               (no ring)

@: no status effects
A: powered by death 2
a: no special abilities


You were on level 3 of the Dungeon.
You visited 1 branch of the dungeon, and saw 3 of its levels.

You collected 89 gold pieces.

Inventory:

Hand Weapons
 a - a +0 long sword (weapon)
Missiles
 p - 2 throwing nets (quivered)
Armour
 b - a +0 leather armour (worn)
 c - a +0 helmet (worn)
 n - a +0 cloak (worn)
Jewellery
 e - a ring of protection from fire (left hand)
Wands
 m - a wand of polymorph (12)
Scrolls
 i - a scroll of immolation {unknown}
 j - a scroll of identify {unknown}
 k - a scroll of magic mapping {unknown}
 l - 2 scrolls of summoning {unknown}
 q - a scroll of vulnerability {unknown}
Potions
 d - a potion of mutation {unknown}
 f - 2 potions of brilliance {unknown}
 g - 2 potions of haste {unknown}
 h - 3 potions of degeneration
 o - 2 potions of attraction {unknown}


   Skills:
 + Level 3.5 Fighting
 + Level 4.4 Long Blades
 + Level 1.9 Throwing
 + Level 1.5 Armour
 + Level 3.2 Dodging
 + Level 1.1 Stealth
 + Level 0.9 Unarmed Combat


You had 5 spell levels left.
You didn't know any spells.
Your spell library contained the following spells:

 Spells                   Type           Power      Damage    Failure   Level
 Blink                    Tloc           0%         N/A       63%         2
 Manifold Assault         Tloc           0%         N/A       100%        5
 Storm Form               Tmut/Air       0%         N/A       100%        7


Dungeon Overview and Level Annotations

Branches:
Dungeon (3/15)

Altars:

Shops:
D:3 (


Innate Abilities, Weirdness & Mutations

You regenerate health from kills.


Message History

The goblin is moderately wounded.
The goblin barely misses you.
You barely miss the goblin.
The goblin hits you with a +0 dagger. x2
You slash the goblin!
You kill the goblin!
The goblin shoots a stone.
The stone hits you but does no damage.
You barely miss the goblin. The goblin barely misses you.
You barely miss the goblin. The goblin barely misses you.
You hit the goblin.
You kill the goblin!
You barely miss the goblin. The goblin hits you with a +0 club.
You hit the goblin.
The goblin is moderately wounded.
The goblin barely misses you. The goblin hits you with a +0 club.
You barely miss the goblin.
The goblin is moderately wounded.
The goblin hits you but does no damage.
You slash the goblin!
You kill the goblin!
You hit the ogre but do no damage.
The ogre hits you with a +0 giant club!!
You slash the ogre!
The ogre is moderately wounded.
The ogre barely misses you.
You barely miss the ogre.
The ogre is moderately wounded.
The ogre hits you with a +0 giant club!
* * * LOW HITPOINT WARNING * * *
You hit the ogre.
The ogre is heavily wounded.
The ogre barely misses you.
You hit the ogre.
The ogre is severely wounded.
The ogre hits you with a +0 giant club!
* * * LOW HITPOINT WARNING * * *
It was a potion of degeneration.
There was something very wrong with that liquid.
You feel weakened.
You feel dopey.
You feel clumsy.
The ogre hits you with a +0 giant club!!
You die...

#..........##.......######+#
#..........###.....∩##......
####'##.###.........##......
#.#...#####.....8........
######.#...#...#..............
#......#.###(..#.....###......
#......#.# .gg#.....# #......
#......#.# #O####.### #......
#......#.# ##@# #.## #......
######.#.###..# #..# #......
#.#.<....# ##.## ######.
#......#.# #..# #......
############.#)# ##.###......
#..........#.#># #..##......
#..........#+#.#######.#######.
#..............................
#.............###.......######.


You could see an ogre and 2 goblins.

Vanquished Creatures
  Sigmund (D:3)
  Crazy Yiuf (D:2)
  3 adders
  2 worms (D:2)
  4 ball pythons
  9 endoplasms
  A giant cockroach (D:3)
  11 goblins
  3 hobgoblins
  7 jackals
  5 kobolds
  3 quokkas
  5 bats
  4 frilled lizards
  5 rats
64 creatures vanquished.

Notes
Turn   | Place    | Note
-------+----------+-------------------------------------------
     0 | D:1      | Eitelfritz the Demonspawn Gladiator began the quest for the
                  | Orb.
     0 | D:1      | Reached XP level 1. HP: 16/16 MP: 1/1
   106 | D:1      | Gained mutation: You regenerate a little health from kills.
                  | [demonic ancestry]
   106 | D:1      | Reached XP level 2. HP: 21/22 MP: 2/2
   195 | D:1      | Reached skill level 3 in Long Blades
   248 | D:1      | Found a faded altar of an unknown god.
   435 | D:1      | Reached XP level 3. HP: 27/28 MP: 3/3
   638 | D:2      | Found a runed translucent door.
   639 | D:2      | Noticed Crazy Yiuf
  1240 | D:2      | Reached XP level 4. HP: 28/34 MP: 4/4
  1451 | D:2      | Killed Crazy Yiuf
  1452 | D:2      | Reached skill level 1 in Armour
  1605 | D:3      | Noticed Sigmund
  1636 | D:3      | Killed Sigmund
  1637 | D:3      | Reached skill level 4 in Long Blades
  1637 | D:3      | Reached skill level 1 in Stealth
  1637 | D:3      | Reached XP level 5. HP: 6/41 MP: 5/5
  1637 | D:3      | Gained mutation: You regenerate health from kills. [demonic
                  | ancestry]
  1637 | D:3      | Reached XP level 6. HP: 7/47 MP: 6/6
  1940 | D:3      | Found Rason's Antique Weapon Emporium.
  2094 | D:3      | Demolished by an ogre

Illustrated notes

Levels and vault maps discovered:
D:1:      minmay_arrival_diagonal_passages, layout_rooms,
          ebering_ecumenical_altar_rust, hex_tiny
D:2:      layout_loops_ring, skrybe_limestone_x, chequers_serial_rivers_micro_d,
          hex_medium, uniq_crazy_yiuf_cottage
D:3:      layout_basic, serial_shops, shop_statue, minmay_ogre_servants,
          uniq_sigmund, uniq_terence, uniq_grinder

Skill      XL: |  1  2  3  4 |
---------------+-------------+-----
Dodging        | 3 |  3.2
Long Blades    | 3 4 |  4.4
Armour         | 1 |  1.5
Fighting       | 3 |  3.5
Stealth        | 1 |  1.1
Throwing       | |  1.9
Unarmed Combat | |  0.9

Action                   |  1- 3 |  4- 6 || total
-------------------------+-------+-------++-------
Melee: Long sword        |   122 |    60 ||   182
       Unarmed           |       |    13 ||    13
Throw: Throwing net      |       |     3 ||     3
  Use: Potion            |       |     1 ||     1
 Stab: Distracted        |     1 |       ||     1
       Held in net/web   |       |     1 ||     1
       Sleeping          |       |     1 ||     1
Armor: Leather armour    |    48 |    13 ||    61
Dodge: Dodged            |   119 |    30 ||   149
